 Dungeon Crawl Stone Soup version 0.21-a0-528-gf531e82 (webtiles) character file.

147 Dawnplanks the Chopper (level 5, -5/46 HPs)
             Began as a Minotaur Fighter on Dec 8, 2017.
             Killed by nerve-wracking pain
             ... invoked by Raine357's ghost
              (8 damage)
             ... on level 3 of the Dungeon.
             The game lasted 00:04:00 (1563 turns).

Dawnplanks the Chopper (Minotaur Fighter)           Turns: 1563, Time: 00:04:00

Health: -5/46      AC:  7    Str: 21    XL:     5   Next: 8%
Magic:  4/4        EV:  7    Int:  5    God:
Gold:   82         SH:  9    Dex: 10    Spells: 4/4 levels left

rFire    . . .     SeeInvis .   a - +0 war axe
rCold    . . .     Gourm    .   c - +0 shield
rNeg     . . .     Faith    .   b - +0 scale mail
rPois    .         Spirit   .   (helmet restricted)
rElec    .         Reflect  .   (no cloak)
rCorr    .         Harm     .   (no gloves)
MR       .....                  (no boots)
Stlth    ..........             (no amulet)
HPRegen  0.15/turn              (no ring)
MPRegen  0.09/turn              (no ring)

@: no status effects
A: retaliatory headbutt, horns 2
a: no special abilities


You were on level 3 of the Dungeon.
You were not hungry.

You visited 1 branch of the dungeon, and saw 3 of its levels.

You collected 82 gold pieces.

Inventory:

Hand Weapons
 a - a +0 war axe (weapon)
Armour
 b - a +0 scale mail (worn)
 c - a +0 shield (worn)
Wands
 k - a wand of polymorph (20)
Scrolls
 g - 3 scrolls of teleportation {unknown}
 h - a scroll of amnesia {unknown}
 i - a scroll of identify {unknown}
 j - a scroll of fog {unknown}
 n - a scroll of enchant weapon {unknown}
 p - a scroll of fear {unknown}
Potions
 d - a potion of might
 e - 2 potions of resistance {unknown}
 l - 2 potions of lignification {unknown}
 m - a potion of curing {unknown}
Comestibles
 f - 2 bread rations


   Skills:
 + Level 4.2 Fighting
 + Level 4.9 Axes
 + Level 4.5 Armour
 + Level 0.2 Dodging
 - Level 4.1 Shields


You had 4 spell levels left.
You didn't know any spells.

Dungeon Overview and Level Annotations

Branches:
Dungeon (3/15)

Altars:
Fedhas
Kikubaaqudgha

Annotations:
D:3 Raine357's ghost, amateur DrNe


Innate Abilities, Weirdness & Mutations

You reflexively headbutt those who attack you in melee.
You have a pair of horns on your head.


Message History

Raine357's ghost draws life force from you and is healed!
You closely miss Raine357's ghost.
Raine357's ghost is severely damaged.
You block Raine357's ghost's attack. Raine357's ghost hits you.
You hit Raine357's ghost.
Raine357's ghost is severely damaged.
You hear the slow rusting of a distant drain.
Raine357's ghost gestures at you while chanting.
Pain shoots through your body!
You closely miss Raine357's ghost.
Raine357's ghost is severely damaged.
Raine357's ghost is infused with unholy energy.
* * * LOW HITPOINT WARNING * * *
Raine357's ghost draws life force from you and is healed!
You closely miss Raine357's ghost. Your headbutt misses Raine357's ghost.
Raine357's ghost is heavily damaged.
Raine357's ghost hits you but does no damage.
Raine357's ghost casts a spell at you. Pain shoots through your body!
You die...

......#
..... .....
... ... #w#
#W# #@# #
####.#..##.
#...........
#.####......
##.## ###.#.
#...#### #
###...##.#
#.....##.#
#.....##(#


You could see Raine357's ghost and a dart slug.

Vanquished Creatures
  Natasha (thrice) (D:2)
  4 oozes (D:1)
  A worm (D:2)
  2 dart slugs (D:1)
  2 leopard geckos
  A ball python (D:3)
  3 bats (D:1)
  7 giant cockroaches (D:1)
  3 goblins
  4 hobgoblins
  A jackal (D:1)
  A quokka (D:2)
  6 frilled lizards (D:1)
  5 kobolds
  7 rats (D:1)
50 creatures vanquished.

Notes
Turn   | Place    | Note
-------+----------+-------------------------------------------
     0 | D:1      | Dawnplanks the Minotaur Fighter began the quest for the Orb.
     0 | D:1      | Reached XP level 1. HP: 19/19 MP: 0/0
     1 | D:1      | Found a runed door.
    20 | D:1      | Reached XP level 2. HP: 22/27 MP: 1/1
   208 | D:1      | Reached XP level 3. HP: 30/33 MP: 2/2
   593 | D:2      | Noticed Natasha
   597 | D:2      | Killed Natasha
   597 | D:2      | Reached XP level 4. HP: 31/40 MP: 3/3
   694 | D:2      | Noticed Natasha
   712 | D:2      | Killed Natasha
  1144 | D:2      | Noticed Natasha
  1151 | D:2      | Killed Natasha
  1151 | D:2      | Reached XP level 5. HP: 35/46 MP: 4/4
  1226 | D:2      | Found an ancient bone altar of Kikubaaqudgha.
  1228 | D:2      | Found a blossoming altar of Fedhas.
  1548 | D:3      | Noticed Raine357's ghost (amateur DrNe)
  1563 | D:3      | Killed from afar by Raine357's ghost

Vault maps used:
D:1:      dpeg_arrival_caged_fury
D:2:      grunt_temple_overflow_growth_and_decay, first_bread, uniq_natasha
D:3:      portal_sewer_entry_c, uniq_crazy_yiuf_cottage, uniq_ijyb, uniq_robin

Skill      XL: |  1  2  3 |
---------------+----------+-----
Armour         | 4 |  4.5
Shields        | 4 |  4.1
Axes           | 3 4 |  4.9
Fighting       | 4 |  4.2
Dodging        | |  0.2

Action                   |  1- 3 |  4- 6 || total
-------------------------+-------+-------++-------
Melee: War axe           |    68 |    50 ||   118
       Headbutt          |     6 |     9 ||    15
  Eat: Chunk             |       |     2 ||     2
Armor: Scale mail        |    35 |    12 ||    47
Dodge: Dodged            |    21 |    17 ||    38
Block: Shield            |    25 |    22 ||    47

Table legend:
 A = Spawn XP
 B = Non-spawn XP
 C = Spawn XP percentage of total XP
 D = Spawn monster count
 E = Non-spawn monster count
 F = Spawn count percentage of total count
 G = Total turns spent on level
                    A         B        C        D         E        F      G
               +---------+---------+-------+---------+---------+-------+---------
         Total |       0 |     211 |   0.0 |       0 |      50 |   0.0 |  1563
               +---------+---------+-------+---------+---------+-------+---------
           D:1 |       0 |      86 |   0.0 |       0 |      39 |   0.0 |   525
           D:2 |       0 |     122 |   0.0 |       0 |       9 |   0.0 |   939
           D:3 |       0 |       3 |   0.0 |       0 |       2 |   0.0 |    99
               +---------+---------+-------+---------+---------+-------+---------
